 Dungeon Crawl Stone Soup version 0.27-a0-1202-ge72e49191c (webtiles) character file.

Game seed: 15721442071371715757

459 polve the Skirmisher (level 6, -2/53 HPs)
             Began as a Demonspawn Abyssal Knight on June 4, 2021.
             Was a Believer of Lugonu.
             Slain by Pikel
             ... wielding a +1 whip of electrocution
              (9 damage)
             ... on level 5 of the Dungeon.
             The game lasted 00:03:52 (5887 turns).

polve the Skirmisher (Demonspawn Abyssal Knight)    Turns: 5887, Time: 00:03:53

Health: -2/53      AC:  9    Str: 15    XL:     6   Next: 78%
Magic:  7/7        EV: 17    Int: 13    God:    Lugonu [**....]
Gold:   231        SH:  0    Dex: 14    Spells: 5/5 levels left

rFire    . . .     SeeInvis .   a - +1 short sword
rCold    . . .     Faith    .   (no shield)
rNeg     . . .     Spirit   .   f - +0 scale mail
rPois    .         Reflect  .   (helmet restricted)
rElec    .         Harm     .   (no cloak)
rCorr    .         Rampage  .   (no gloves)
Will     .....                  (no boots)
Stlth    +.........             (no amulet)
HPRegen  0.17/turn              l - +4 ring of evasion
MPRegen  0.10/turn              r - +4 ring of evasion

@: brilliant
A: slimy green scales 2, demonic guardian 1, powered by pain 1, antennae 1, thin
skeletal structure 1
a: Renounce Religion, Depart the Abyss, Bend Space


You were on level 5 of the Dungeon.
You worshipped Lugonu.
Lugonu was pleased with you.
You visited 1 branch of the dungeon, and saw 5 of its levels.
You visited the Abyss 1 time.

You collected 231 gold pieces.

Inventory:

Hand Weapons
 a - a +1 short sword (weapon)
Missiles
 p - 3 atropa-tipped darts
Armour
 b - a +0 leather armour
 f - a +0 scale mail (worn)
 s - a +2 helmet
Jewellery
 l - a +4 ring of evasion (left hand)
 r - a +4 ring of evasion (right hand)
Scrolls
 c - a scroll of teleportation {unknown}
 d - 6 scrolls of identify {unknown}
 e - a scroll of enchant armour {unknown}
 j - a scroll of enchant weapon {unknown}
 k - a scroll of fear {unknown}
 m - a scroll of holy word {unknown}
 n - a scroll of immolation {unknown}
 o - a scroll of amnesia {unknown}
Potions
 g - 2 potions of ambrosia
 h - 5 potions of curing
 i - a potion of heal wounds


   Skills:
 - Level 6.4 Fighting
 - Level 4.0 Short Blades
 + Level 2.0 Armour
 + Level 1.2 Dodging
 - Level 2.4 Invocations


You had 5 spell levels left.
You didn't know any spells.
Your spell library contained the following spells:

 Spells                   Type           Power      Damage    Failure   Level
 Beastly Appendage        Tmut           0%         N/A       77%         1
 Sting                    Tmut/Pois      0%         1d3       77%         1
 Poisonous Vapours        Pois/Air       0%         N/A       88%         2
 Wereblood                Tmut           0%         N/A       88%         2
 Ignite Poison            Fire/Tmut/Pois 0%         N/A       98%         3
 Mephitic Cloud           Conj/Pois/Air  0%         N/A       98%         3
 Spider Form              Tmut/Pois      0%         N/A       98%         3
 Ice Form                 Ice/Tmut       0%         N/A       100%        4
 Olgreb's Toxic Radiance  Pois           0%         N/A       100%        4
 Hydra Form               Tmut           0%         N/A       100%        5


Dungeon Overview and Level Annotations

Branches:
Dungeon (5/15)
 Temple: D:4-7

Altars:
Trog

Annotations:
D:5 Pikel


Innate Abilities, Weirdness & Mutations

You are mostly covered in slimy green scales. (AC +3)
A weak demonic guardian rushes to your aid.
You sometimes gain a little power by taking damage.
You have a pair of small antennae on your head.
You have a somewhat thin skeletal structure. (Dex +2, Stealth+)


Message History

Pikel misses you.
Pikel says, "Hell isn't that bad."
Pikel hits you with a +1 whip of electrocution.
You hit Pikel but do no damage.
Pikel is lightly wounded.
Pikel barely misses you.
You hit Pikel.
Pikel is lightly wounded.
Pikel closely misses you.
You hit Pikel.
Pikel is lightly wounded.
Pikel hits you with a +1 whip of electrocution.
You hit Pikel but do no damage.
Pikel is lightly wounded.
Pikel says, "I'm sure they'll be treated well, anyway."
Pikel closely misses you.
You hit Pikel.
Pikel is lightly wounded.
Pikel barely misses you.
You miss Pikel.
Pikel is lightly wounded.
Pikel hits you with a +1 whip of electrocution!
* * * LOW HITPOINT WARNING * * *
A demonic guardian appears!
You swap places.
Pikel barely misses your shadow imp.
Your shadow imp hits Pikel.
Pikel barely misses your shadow imp.
Your shadow imp gestures at Pikel.
Pikel writhes in agony!
Pikel says, "All the demons know me.
They respect me."
Pikel hits your shadow imp with a +1 whip of electrocution!
Your shadow imp misses Pikel.
Pikel hits your shadow imp with a +1 whip of electrocution.
Your shadow imp dies!
You barely miss Pikel.
Pikel is heavily wounded.
Pikel hits you with a +1 whip of electrocution.
* * * LOW HITPOINT WARNING * * *
You are electrocuted!
You die...

#...5{5..##... ###...)).....
#...#######.##.#
##............
#.##........##.#
#............. ..####.5.##.#
##......^.^^... #..###.#
#....^..^^...^. #.5#
#.###.#......^^.... #..#
#..........^.....^.
######..#####.##..........)..
.......5555K@.###.........^..
############### ###..........
##......^.# ###.^..### #####
# # # # #


You could see Pikel and 4 lemures.

Vanquished Creatures
  A phantom (D:3)
  A scorpion (D:4)
  2 hounds (D:4)
  An iguana (D:4)
  Ijyb (D:3)
  An orc wizard (D:3)
  A scorpion zombie (D:5)
  A gnoll (D:4)
  3 adders
  A howler monkey skeleton (D:4)
  An adder skeleton (D:4)
  3 worms
  4 dart slugs
  12 orcs
  4 ball pythons
  7 endoplasms
  3 giant cockroaches
  4 goblins
  4 hobgoblins
  9 jackals
  6 bats
  7 frilled lizards
  5 kobolds
  6 rats
88 creatures vanquished.

Vanquished Creatures (collateral kills)
  A worm (D:2)
  A dart slug (D:2)
  A bat (D:1)
  A goblin (D:2)
  A hobgoblin (D:2)
  A ball python (D:2)
6 creatures vanquished.

Vanquished Creatures (others)
  4 plants (D:3)
4 creatures vanquished.

Grand Total: 98 creatures vanquished

Notes
Turn   | Place    | Note
-------+----------+-------------------------------------------
     0 | Abyss:1  | polve the Demonspawn Abyssal Knight began the quest for the
                  | Orb.
     0 | Abyss:1  | Reached XP level 1. HP: 18/18 MP: 2/2
    94 | Abyss:1  | Noticed an efreet
   176 | Abyss:1  | Noticed a ynoxinul
   181 | Abyss:1  | Noticed a thrashing horror
   189 | D:1      | Escaped the Abyss
   678 | D:1      | Gained mutation: A weak demonic guardian rushes to your
                  | aid. [demonic ancestry]
   678 | D:1      | Reached XP level 2. HP: 18/24 MP: 3/3
  1338 | D:1      | Gained mutation: You sometimes gain a little power by
                  | taking damage. [demonic ancestry]
  1338 | D:1      | Reached XP level 3. HP: 15/29 MP: 4/4
  1507 | D:1      | Reached * piety under Lugonu
  1638 | D:2      | Found a faded altar of an unknown god.
  1880 | D:2      | Found a bloodstained altar of Trog.
  2446 | D:2      | Reached XP level 4. HP: 35/35 MP: 5/5
  2833 | D:3      | Reached ** piety under Lugonu
  3084 | D:3      | Reached skill level 4 in Fighting
  3205 | D:3      | Noticed a phantom
  3229 | D:3      | Killed a phantom
  3230 | D:3      | Gained mutation: You are partially covered in slimy green
                  | scales. (AC +2) [demonic ancestry]
  3230 | D:3      | Reached XP level 5. HP: 16/43 MP: 6/6
  3629 | D:3      | Noticed Ijyb
  3629 | D:3      | Paralysed by Ijyb for 3 turns
  3635 | D:3      | Gained mutation: You have a somewhat thin skeletal
                  | structure. (Dex +2, Stealth+) [potion of mutation]
  3635 | D:3      | Gained mutation: You have a pair of small antennae on your
                  | head. [potion of mutation]
  3637 | D:3      | Paralysed by Ijyb for 2 turns
  3650 | D:3      | Paralysed by Ijyb for 7 turns
  3664 | D:3      | Paralysed by Ijyb for 2 turns
  3676 | D:3      | Killed Ijyb
  3677 | D:3      | Reached skill level 5 in Fighting
  4518 | D:4      | Gained mutation: You are mostly covered in slimy green
                  | scales. (AC +3) [demonic ancestry]
  4518 | D:4      | Reached XP level 6. HP: 30/51 MP: 7/7
  5077 | D:4      | Identified the +1 robe "Saufuafa" {Int+8}
  5187 | D:4      | Reached skill level 6 in Fighting
  5580 | D:5      | Entered Level 5 of the Dungeon
  5638 | D:5      | Reached skill level 1 in Dodging
  5836 | D:5      | Noticed Pikel
  5887 | D:5      | Slain by Pikel

Illustrated notes

Levels and vault maps discovered:
D:1:      tarquinn_simple_flora_water_a, layout_loops_ring
D:2:      layout_basic, hellmonk_ecumenical_altar_lost_god, basic_altar,
          st_stairs_7
D:3:      layout_rooms, minmay_misc_feat_roman, solitary_fountain,
          chequers_serial_rivers_large_b, hangedman_decor_lopped,
          guppyfry_early_lair_pool, uniq_ijyb
D:4:      layout_basic, chequers_serial_rivers_micro_d, skrybe_limestone_x,
          cheibrodos_gnoll_hut
D:5:      layout_basic, minmay_temple_entry_wispy, minmay_holes, uniq_pikel

Skill      XL: |  1  2  3  4  5  6 |
---------------+-------------------+-----
Short Blades   | 2 3 4 |  4.0
Fighting       | 4 5 6 |  6.4
Dodging        | 1 |  1.2
Armour         | 2 |  2.0
Invocations    | |  2.4

Action                   |  1- 3 |  4- 6 || total
-------------------------+-------+-------++-------
Melee: Short sword       |   176 |   357 ||   533
Invok: Depart the Abyss  |     1 |       ||     1
  Use: Potion            |       |     7 ||     7
 Stab: Sleeping          |       |     1 ||     1
Armor: Leather armour    |     4 |       ||     4
       Scale mail        |    70 |    94 ||   164
Dodge: Dodged            |    94 |   255 ||   349

Table legend: (Time is in decaauts)
 A = Elapsed time spent in this place.
 B = Non-inter-level travel time spent in this place.
 C = Inter-level travel time spent in this place.
 D = Time resting spent in this place.
 E = Time spent auto-exploring this place.
 F = Levels seen in this place.
 G = Mean time per level.
                   A        B        C        D        E       F      G
               +--------+--------+--------+--------+--------+-----+--------+
         Total |   5886 |   5749 |    137 |      0 |   4734 |   6 |  981.0 |
       Dungeon |   5694 |   5557 |    137 |      0 |   4594 |   5 | 1138.8 |
         Abyss |    191 |    191 |      0 |      0 |    139 |   1 |  191.0 |
               +--------+--------+--------+--------+--------+-----+--------+

Top non-repeatable levels by time:
     D:4: 1470 daAuts
     D:1: 1431 daAuts
     D:2: 1364 daAuts
     D:3: 1129 daAuts
     D:5: 299 daAuts
 Abyss:1: 191 daAuts
